 Dungeon Crawl Stone Soup version 0.28.0-47-ge53b351184 (webtiles) character file.

Game seed: 18388105626905206525

76 Kaptain the Digger (level 4, -11/25 HPs)
             Began as a Gargoyle Earth Elementalist on Apr 25, 2022.
             Killed by divine providence
             ... invoked by an orc priest
              (14 damage)
             ... on level 3 of the Dungeon.
             The game lasted 00:03:44 (2010 turns).

Kaptain the Digger (Gargoyle Earth Elementalist)    Turns: 2010, Time: 00:03:44

Health: -11/25     AC:  9    Str: 11    XL:     4   Next: 32%
Magic:  0/7        EV: 11    Int: 18    God:
Gold:   111        SH:  5    Dex: 10    Spells: 7/8 levels left

rFire   . . .      SeeInvis .   l - +0 hand axe
rCold   . . .      Faith    .   (no shield)
rNeg    + . .      Spirit   .   k - +0 leather armour
rPois   ∞          Reflect  +   (no helmet)
rElec   +          Harm     .   (no cloak)
rCorr   .          Rampage  .   b - +2 pair of gloves
Will    .....                   (no boots)
Stlth   ++........              i - amulet of reflection
HPRegen 0.08/turn               (no ring)
MPRegen 0.10/turn               (no ring)

@: no status effects
A: sickness immunity, AC +3, negative energy resistance 1, electricity
resistance, torment resistance 1, petrification resistance
a: no special abilities


You were on level 3 of the Dungeon.
You visited 1 branch of the dungeon, and saw 3 of its levels.

You collected 111 gold pieces.

Inventory:

Hand Weapons
 a - a +0 hunting sling
 g - a +0 short sword
 l - a +0 hand axe (weapon)
Missiles
 c - 49 stones
Armour
 b - a +2 pair of gloves (worn)
 k - a +0 leather armour (worn)
Jewellery
 i - an amulet of reflection (around neck)
Scrolls
 d - a scroll of fear {unknown}
 e - 2 scrolls of identify {unknown}
 f - a scroll of blinking {unknown}
Potions
 h - 3 potions of magic {unknown}
 j - a potion of resistance {unknown}
 m - a potion of flight {unknown}
 n - a potion of curing {unknown}


   Skills:
 * Level 1.4 Fighting
 + Level 1.1 Armour
 - Level 1.5 Dodging
 - Level 2.1 Stealth
 * Level 2.6 Spellcasting
 * Level 1.9 Conjurations
 - Level 0.7 Transmutations
 * Level 4.2 Earth Magic


You had 7 spell levels left.
You knew the following spells:

 Your Spells              Type           Power      Damage    Failure   Level
a - Sandblast             Erth           34%        2d9       3%          1

Your spell library contained the following spells:

 Spells                   Type           Power      Damage    Failure   Level
 Passwall                 Tmut/Erth      9%         N/A       12%         2
 Stone Arrow              Conj/Erth      26%        3d8       19%         3
 Mephitic Cloud           Conj/Pois/Air  4%         N/A       45%         3
 Ignite Poison            Fire/Tmut/Pois 3%         N/A       52%         3
 Petrify                  Tmut/Erth      11%        N/A       63%         4
 Airstrike                Air            1%         N/A       92%         4
 Maxwell's Capacitive Co  Air            1%         ∞         100%        8


Dungeon Overview and Level Annotations

Branches:
Dungeon (3/15)

Altars:


Innate Abilities, Weirdness & Mutations

You are immune to sickness and miasma.
Your stone body is resilient. (AC +3)
You are immune to poison.
You resist negative energy. (rN+)
You are resistant to electric shocks. (rElec)
You are resistant to unholy torment.
You are immune to petrification.


Message History

The orc priest is severely wounded.
The orc priest hits you but does no damage.
The orc priest barely misses you.
You hit the orc priest but do no damage.
The orc priest is severely wounded.
The orc priest looks braver for a moment.
You hit the orc priest but do no damage.
The orc priest is severely wounded.
The orc priest mumbles some strange prayers to Beogh against you.
Beogh smites you!
Ouch! That really hurt!
* * * LOW HITPOINT WARNING * * *
You hear a shout!
Casting: Sandblast (safe; 3% risk of failure)
Confirm with . or Enter, or press ? or * to list all spells.
Aiming: Sandblast (safe; 3% risk of failure)
Press: ? - help, Shift-Dir - straight line, f/p - orc priest
Aim: an orc priest, wielding a +0 dagger and wearing a +0 ring mail (severely wounded, 82% to hit)
The blast of sand misses the orc priest.
The blast of sand hits the orc!
You kill the orc!
The orc priest barely misses you.
You hit the orc priest but do no damage.
The orc priest is severely wounded.
The orc priest barely misses you.
Unknown command.
You closely miss the orc priest.
The orc priest is severely wounded.
The orc priest misses you. x2
An orc comes into view. It is wielding a +0 flail.
You hit the orc priest but do no damage.
The orc priest is severely wounded.
The orc priest completely misses you.
Unknown command.
You barely miss the orc priest.
The orc priest is severely wounded.
The orc priest calls down the wrath of Beogh upon you.
Beogh smites you!
Ouch! That really hurt!
You die...

.##.........#
.....#.###### #.#
####......# #.#
###.##.######.##
##.##.........
#....)........
#.....#### #o#
#.##.[.## #o#
##.#...#.####@#
..............#
##..#......##.#
#............#
###..##.#........
##...########.#
#..........
###########


You could see an orc priest and an orc.

Vanquished Creatures
  2 adders (D:2)
  A worm (D:2)
  An orc (D:3)
  5 endoplasms
  3 giant cockroaches
  5 goblins
  7 hobgoblins
  A quokka (D:1)
  3 ball pythons (D:1)
  6 bats
  5 frilled lizards
  6 kobolds
  2 rats (D:1)
47 creatures vanquished.

Notes
Turn   | Place    | Note
-------+----------+-------------------------------------------
     0 | D:1      | Kaptain the Gargoyle Earth Elementalist began the quest for
                  | the Orb.
     0 | D:1      | Reached XP level 1. HP: 10/10 MP: 3/3
   376 | D:1      | Reached XP level 2. HP: 16/16 MP: 3/5
   469 | D:1      | Got the Tome of Venomous Lightness
   558 | D:1      | Reached skill level 1 in Conjurations
   563 | D:1      | Reached skill level 4 in Earth Magic
   584 | D:1      | Reached XP level 3. HP: 4/20 MP: 0/6
   592 | D:1      | Reached skill level 1 in Fighting
  1503 | D:2      | Reached skill level 1 in Armour
  1503 | D:2      | Reached XP level 4. HP: 22/25 MP: 1/7
  2010 | D:3      | Killed from afar by an orc priest

Illustrated notes

Levels and vault maps discovered:
D:1:      dpeg_arrival_water_temple_mockup, layout_basic, minmay_three_crescents
D:2:      layout_rooms
D:3:      layout_loops_ring, shapermc_ecumenical_altar_hornbeckon,
          minmay_randomly_rotated_circles, uniq_grinder, uniq_ijyb, uniq_robin

Skill      XL: |  1  2  3 |
---------------+----------+-----
Conjurations   | 1 |  1.9
Earth Magic    | 4 |  4.2
Fighting       | 1 |  1.4
Armour         | 1 |  1.1
Dodging        | |  1.5
Stealth        | |  2.1
Spellcasting   | |  2.6
Transmutations | |  0.7

Action                   |  1- 3 |  4- 6 || total
-------------------------+-------+-------++-------
Melee: Whip              |    17 |       ||    17
       Punch             |     1 |       ||     1
       Short sword       |    18 |    13 ||    31
       Hand axe          |       |    10 ||    10
 Cast: Sandblast         |    43 |    14 ||    57
 Stab: Sleeping          |     1 |       ||     1
Armor: Robe              |    20 |       ||    20
       Leather armour    |       |     9 ||     9
Dodge: Dodged            |    27 |    18 ||    45
Block: Other             |     2 |     6 ||     8
